 Dungeon Crawl Stone Soup version 0.30-a0-949-g53dc5368d7 (webtiles) character file.

Game seed: 7608448530361635921

859 Gwe the Cleaver (level 7, -1/61 HPs)
             Began as a Minotaur Fighter on Mar 27, 2023.
             Killed from afar by an orc wizard (6 damage)
             ... with a puff of flame
             ... on level 5 of the Dungeon.
             The game lasted 00:09:37 (3171 turns).

Gwe the Cleaver (Minotaur Fighter)                  Turns: 3171, Time: 00:09:38

Health: -1/61      AC: 11    Str: 23    XL:     7   Next: 71%
Magic:  6/6        EV: 10    Int:  5    God:
Gold:   230        SH:  0    Dex:  9    Spells: 6/6 levels left

rFire   . . .      SeeInvis .    a - +0 war axe
rCold   . . .      Faith    .    c - +0 buckler
rNeg    . . .      Spirit   .    b - +0 scale mail
rPois   .          Reflect  .    (helmet restricted)
rElec   .          Rampage  .    e - scarf {shadows}
rCorr   .                        h - +1 pair of gloves
Will    .....                    r - +0 pair of boots Stlth
                                 (no amulet)
HPRegen 0.30/turn                (no ring)
MPRegen 0.10/turn                (no ring)

@: confused
A: horns 2, retaliatory headbutt
a: no special abilities


You were on level 5 of the Dungeon.
You visited 1 branch of the dungeon, and saw 5 of its levels.
You also visited: Sewer.

You collected 230 gold pieces.

Inventory:

Hand Weapons
 a - a +0 war axe (weapon)
Missiles
 q - 5 poisoned darts (quivered)
Armour
 b - a +0 scale mail (worn)
 c - a +0 buckler (worn)
 e - a scarf of shadows (worn)
 h - a +1 pair of gloves (worn)
 r - a +0 pair of boots (worn)
 w - a +1 leather armour of cold resistance
 y - an orb of wrath
Wands
 j - a wand of mindburst (15)
Scrolls
 i - 2 scrolls of magic mapping {unknown}
 k - a scroll of noise
 m - 2 scrolls of teleportation
 p - a scroll of blinking
 t - a scroll of fear
 u - 2 scrolls of immolation {unknown}
 v - a scroll of summoning
 x - a scroll of vulnerability
 B - a scroll of enchant weapon
Potions
 d - a potion of might
 f - 2 potions of brilliance {unknown}
 g - a potion of haste {unknown}
 l - 3 potions of heal wounds {unknown}
 n - 3 potions of lignification {unknown}
 o - 3 potions of curing {unknown}
 s - a potion of ambrosia {unknown}
 z - a potion of resistance {unknown}
 A - a potion of berserk rage {unknown}


   Skills:
 + Level 5.0 Fighting
 * Level 8.3 Axes
 + Level 5.5 Armour
 + Level 2.0 Dodging
 + Level 4.8 Shields


You had 6 spell levels left.
You didn't know any spells.
Your spell library contained the following spells:

 Spells                   Type           Power      Damage    Failure   Level
 Blink                    Tloc           0%         N/A       94%         2
 Cigotuvi's Dreadful Rot  Necr/Pois/Air  0%         N/A       94%         2
 Lesser Beckoning         Tloc           0%         N/A       94%         2
 Momentum Strike          Conj/Tloc      0%         3d8       94%         2
 Poisonous Vapours        Pois/Air       0%         N/A       94%         2
 Mephitic Cloud           Conj/Pois/Air  0%         N/A       99%         3


Dungeon Overview and Level Annotations

Branches:
Dungeon (5/15)              Sewer (visited)
 Temple: D:4-7

Altars:
Ashenzari
Fedhas
Gozag
Sif Muna


Innate Abilities, Weirdness & Mutations

You have a pair of horns on your head.
You reflexively headbutt those who attack you in melee.


Message History

You barely miss the orc priest.
The orc priest is moderately wounded.
You hit something. Something hits you but does no damage.
You slash the orc!
You kill the orc!
You slash the orc priest! You closely miss something.
The orc priest hits you with a +0 hand axe.
Something hits you.
The orc priest hits you with a +0 hand axe.
Something hits you.
You hear some strange, mumbled words.
A puff of flame appears from out of thin air!
The puff of flame hits you!
You closely miss the orc priest. Your headbutt misses the orc priest.
The orc priest is almost dead.
You slash something! You miss something. Something hits you.
The orc priest hits you with a +0 hand axe.
You hear some strange, mumbled words.
A magic dart appears from out of thin air!
The magic dart hits you!
You slash the orc priest!
You kill the orc priest!
You closely miss something. You hit something but do no damage.
You hear some strange, mumbled words.
A magic dart appears from out of thin air!
The magic dart hits you.
* * * LOW HITPOINT WARNING * * *
You hear some strange, mumbled words.
A puff of flame appears from out of thin air!
The puff of flame hits you!
* * * LOW HITPOINT WARNING * * *
The orc attacks as you move away! The orc barely misses you.
You furiously retaliate!
You headbutt the orc, but do no damage. The orc attacks as you move away!
The orc closely misses you.
You hear some strange, mumbled words.
You are confused.
You hear some strange, mumbled words.
A puff of flame appears from out of thin air!
The puff of flame hits you.
You die...

###$..
##.......
#..........
##..........
#...........
##..#.....##
##...........
#.....{......
#<..@.{).....
###.#.o.....#
#####...#..
####


You could see an orc.

Vanquished Creatures
  Sigmund (D:3)
  A water moccasin (D:5)
  A scorpion (D:5)
  A jelly (D:4)
  A hound (D:3)
  3 orc priests
  A gnoll bouda (D:4)
  A hell rat (Sewer)
  2 orc wizards
  8 gnolls (D:4)
  8 adders
  3 river rats (Sewer)
  2 white imps (D:5)
  A worm (D:2)
  A dart slug (D:2)
  7 orcs
  6 endoplasms
  3 giant cockroaches (D:3)
  9 goblins
  7 hobgoblins
  6 jackals
  2 quokkas (D:2)
  6 ball pythons
  4 bats
  2 frilled lizards
  7 kobolds
  9 rats
103 creatures vanquished.

Notes
Turn   | Place    | Note
-------+----------+-------------------------------------------
     0 | D:1      | Gwe the Minotaur Fighter began the quest for the Orb.
     0 | D:1      | Reached XP level 1. HP: 19/19 MP: 0/0
   290 | D:2      | Reached XP level 2. HP: 12/27 MP: 1/1
   608 | D:1      | Reached skill level 3 in Axes
  1136 | D:3      | Found a broken altar of Ashenzari.
  1172 | D:3      | Reached XP level 3. HP: 33/33 MP: 2/2
  1201 | D:3      | Found a glowing drain.
  1204 | D:3      | Noticed Sigmund
  1215 | D:3      | Killed Sigmund
  1216 | D:3      | Reached skill level 5 in Axes
  1216 | D:3      | Reached skill level 1 in Dodging
  1216 | D:3      | Reached XP level 4. HP: 34/40 MP: 3/3
  1216 | D:3      | Reached XP level 5. HP: 39/46 MP: 4/4
  1221 | Sewer    | Entered a sewer
  1272 | Sewer    | Reached skill level 6 in Axes
  1272 | Sewer    | Reached XP level 6. HP: 26/52 MP: 5/5
  1489 | D:2      | Found a blossoming altar of Fedhas.
  1928 | D:3      | Found a faded altar of an unknown god.
  2327 | D:4      | Reached skill level 5 in Armour
  2330 | D:4      | Reached skill level 7 in Axes
  2332 | D:4      | Reached XP level 7. HP: 27/60 MP: 6/6
  2514 | D:5      | Entered Level 5 of the Dungeon
  2541 | D:4      | Found a shimmering blue altar of Sif Muna.
  2629 | D:5      | Found an opulent altar of Gozag.
  2638 | D:5      | Reached skill level 8 in Axes
  2794 | D:4      | Reached skill level 5 in Fighting
  3171 | D:5      | Killed from afar by an orc wizard

Illustrated notes

Levels and vault maps discovered:
D:1:      nagdon_arrival_zigzag_paths, layout_basic
D:2:      layout_rooms, basic_altar
D:3:      layout_rooms, evilmike_ruin_ashenzari, gup_sewer_entry_glass,
          ebering_ecumenical_altar_webs, hangedman_decor_clover_reticule,
          uniq_sigmund
D:4:      layout_basic, mainiacjoe_overflow_tiny_flanked
D:5:      layout_cave_pools, kennysheep_little_box, serial_shops,
          nicolae_shop_hallway_stairs, kennysheep_mini_moat

Skill      XL: |  1  2  3  4  5  6  7 |
---------------+----------------------+-----
Shields        | 4 |  4.8
Axes           | 3 5 6 7 8 |  8.3
Armour         | 4 5 |  5.5
Fighting       | 4 5 |  5.0
Dodging        | 1 2 |  2.0

Action                     |  1- 3 |  4- 6 |  7- 9 || total
---------------------------+-------+-------+-------++-------
  Melee: War axe           |    69 |   118 |    56 ||   243
         Headbutt          |     3 |    12 |     6 ||    21
    Use: Potion            |     1 |       |       ||     1
         Scroll            |       |       |     6 ||     6
 Armour: Scale mail        |    46 |    70 |    27 ||   143
  Dodge: Dodged            |    31 |    67 |    27 ||   125
  Block: Buckler           |    23 |    35 |    11 ||    69

Table legend: (Time is in decaauts)
 A = Elapsed time spent in this place.
 B = Non-inter-level travel time spent in this place.
 C = Inter-level travel time spent in this place.
 D = Time resting spent in this place.
 E = Time spent auto-exploring this place.
 F = Levels seen in this place.
 G = Mean time per level.
                   A        B        C        D        E       F      G
               +--------+--------+--------+--------+--------+-----+--------+
         Total |   3253 |   3158 |     95 |    634 |   1481 |   6 |  542.2 |
       Dungeon |   3085 |   2990 |     95 |    579 |   1481 |   5 |  617.0 |
         Sewer |    168 |    168 |      0 |     55 |      0 |   1 |  168.0 |
               +--------+--------+--------+--------+--------+-----+--------+

Top non-repeatable levels by time:
     D:1: 941 daAuts
     D:4: 871 daAuts
     D:2: 613 daAuts
     D:3: 609 daAuts
   Sewer: 168 daAuts
     D:5: 50 daAuts
